 Dungeon Crawl Stone Soup version 0.29-a0-234-g0dae59b3db (webtiles) character file.

Game seed: 6281872425034542250

72664 fragbeetle the Thaumaturge (level 15, -14/126 HPs)
             Began as a Gnoll Conjurer on Mar 1, 2022.
             Was an Elder of Ashenzari.
             Demolished by a phantasmal warrior (22 damage)
             ... on level 12 of the Dungeon on Mar 2, 2022.
             The game lasted 01:32:56 (26044 turns).

fragbeetle the Thaumaturge (Gnoll Conjurer)        Turns: 26044, Time: 01:32:57

Health: -14/126    AC: 16    Str: 11    XL:     15   Next: 40%
Magic:  42/43      EV: 15    Int: 26    God:    Ashenzari [****..]
Gold:   3038       SH:  7    Dex: 11    Spells: 1/44 levels left

rFire   + . .      SeeInvis +   a - +9 double sword (chaos)
rCold   . . .      Faith    .   i - +0 buckler of Supernal Knowledge {Bglg, Self} (curse)
rNeg    . . .      Spirit   .   Y - +2 acid dragon scales
rPois   .          Reflect  .   W - +0 mask of the Dragon {Will+ Slay+3 SInv, Fort, Self} (curse)
rElec   .          Harm     .   h - +0 cloak of Ashenzari's Inaction {Melee, Range} (curse)
rCorr   +          Rampage  .   (no gloves)
Will    ++...      Clarity  +   l - +2 pair of boots of Ashenzari's Negligence {Fort, Alch} (curse)
Stlth   +++++.....              O - amulet of Supernal Wisdom {RegenMP, Evo, Elem} (curse)
HPRegen 0.31/turn               w - ring of the Ensconced Sun {MP+9, Self, Melee} (curse)
MPRegen 0.68/turn               P - ring "User" {*Corrode rF+ Str+2 Int+4 Stlth+}

@: freezing walls
A: fangs 1, strong nose, distributed training
a: Renounce Religion, Curse Item, Shatter the Chains


You were on level 12 of the Dungeon.
You worshipped Ashenzari.
Ashenzari was greatly pleased with you.
You visited 4 branches of the dungeon, and saw 21 of its levels.
You also visited: Sewer.

You collected 3347 gold pieces.
You spent 309 gold pieces at shops.

Inventory:

Hand Weapons
 a - a +9 double sword of chaos (weapon)
 b - a +1 vorpal shortbow
 N - a +5 spear
Missiles
 r - 14 javelins
 u - 30 poisoned darts
 y - 6 throwing nets
 S - 4 curare-tipped darts
Armour
 h - the cursed +0 cloak of Ashenzari's Inaction (worn) {Melee, Range}
   (You found it on level 2 of the Dungeon)

   It has a curse which improves the following skills: Melee Combat: Short
   Blades, Long Blades, Axes, Maces & Flails, Polearms, Staves and Unarmed
   Combat.
   Ranged Combat: Slings, Bows, Crossbows and Throwing.
 i - the cursed +0 buckler of Supernal Knowledge (worn) {Bglg, Self}
   (You bought it in a shop on level 1 of the Orcish Mines)

   It has a curse which improves the following skills: Beguiling: Conjurations,
   Hexes and Translocations.
   Introspection: Fighting and Spellcasting.
 l - the cursed +2 pair of boots of Ashenzari's Negligence (worn) {Fort, Alch}
   (You found it on level 2 of the Dungeon)

   It has a curse which improves the following skills: Fortitude: Armour and
   Shields.
   Alchemy:   Poison Magic and Transmutations.
 W - the cursed +0 mask of the Dragon (worn) {Will+ Slay+3 SInv, Fort, Self}
   (You acquired it on level 11 of the Dungeon)

   Slay:      It affects your accuracy & damage with ranged weapons and melee
   (+3).
   SInv:      It lets you see invisible.
   Will:      It increases your willpower.
   It has a curse which improves the following skills: Fortitude: Armour and
   Shields.
   Introspection: Fighting and Spellcasting.
 Y - +2 acid dragon scales (worn)
Magical Staves
 q - a staff of air
 V - a staff of cold
Jewellery
 w - the cursed ring of the Ensconced Sun (left hand) {MP+9, Self, Melee}
   (You found it in a sewer)

   [ring of magical power]

   MP:        It affects your magic capacity (+9).
   It has a curse which improves the following skills: Introspection: Fighting
   and Spellcasting.
   Melee Combat: Short Blades, Long Blades, Axes, Maces & Flails, Polearms,
   Staves and Unarmed Combat.
 x - a ring of flight
 A - a ring of ice
 O - the cursed amulet of Supernal Wisdom (around neck) {RegenMP, Evo, Elem}
   (You found it on level 8 of the Dungeon)

   [amulet of magic regeneration]

   It increases your rate of magic regeneration.
   It has a curse which improves the following skills: Evocations: Evocations.
   Elements:  Fire Magic, Ice Magic, Air Magic and Earth Magic.
 P - the ring "User" (right hand) {*Corrode rF+ Str+2 Int+4 Stlth+}
   (You acquired it on level 9 of the Dungeon)

   [ring of protection from fire]

   Str:       It affects your strength (+2).
   Int:       It affects your intelligence (+4).
   rF:        It protects you from fire.
   *Corrode:  It may corrode you when you take damage.
   Stlth:     It makes you more stealthy.
Wands
 D - a wand of charming (5)
 Q - a wand of mindburst (11)
 R - a wand of flame (22)
 T - a wand of paralysis (6)
 X - a wand of polymorph (6)
Scrolls
 e - 5 scrolls of magic mapping
 k - 4 scrolls of amnesia
 s - 4 scrolls of fog
 t - a scroll of holy word
 C - 5 scrolls of teleportation
 J - 5 scrolls of fear
 K - a scroll of silence
 M - 2 scrolls of blinking
Potions
 c - a potion of attraction
 d - a potion of berserk rage
 f - 5 potions of mutation
 g - 5 potions of lignification
 j - a potion of resistance
 m - a potion of flight
 n - 3 potions of magic
 p - 4 potions of curing
 v - 4 potions of brilliance
 z - a potion of cancellation
 B - a potion of haste
 I - a potion of ambrosia
 Z - 2 potions of might
Miscellaneous
 o - a lightning rod (4/4)


   Skills:
 + Level 10.1(14.0) Fighting
 + Level 10.1(13.1) Short Blades
 + Level 10.1(13.1) Long Blades
 + Level 10.1(13.1) Axes
 + Level 10.1(13.1) Maces & Flails
 + Level 10.1(13.1) Polearms
 + Level 10.1(13.1) Staves
 + Level 10.1(12.1) Slings
 + Level 10.1(12.1) Bows
 + Level 10.1(12.1) Crossbows
 + Level 10.1(12.1) Throwing
 + Level 10.1(13.1) Armour
 + Level 11.1 Dodging
 + Level 11.0 Stealth
 + Level 10.1(13.1) Shields
 + Level 10.1(13.1) Unarmed Combat
 + Level 11.3(15.1) Spellcasting
 + Level 11.1(13.0) Conjurations
 + Level 8.5(10.5) Hexes
 + Level 8.5 Summonings
 + Level 8.5 Necromancy
 + Level 8.5(10.5) Translocations
 + Level 8.5(10.5) Transmutations
 + Level 8.5(10.5) Fire Magic
 + Level 8.5(10.5) Ice Magic
 + Level 8.5(10.5) Air Magic
 + Level 8.5(10.5) Earth Magic
 + Level 8.5(10.5) Poison Magic
 + Level 11.0 Invocations
 + Level 10.1(12.1) Evocations


You had one spell level left.
You knew the following spells:

 Your Spells              Type           Power      Damage    Failure   Level
a - Magic Dart            Conj           100%       1d8       1%          1
b - Searing Ray           Conj           100%       2d8       1%          2
c - Fulminant Prism       Conj/Hex       34%        3d16      1%          4
d - Sticky Flame          Conj/Fire      69%        2d8       1%          4
e - Iskenderun's Mystic   Conj/Tloc      69%        2d14      1%          4
f - Frozen Ramparts       Ice            100%       1d12      1%          3
g - Metabolic Englaciati  Hex/Ice        32%        N/A       1%          5
h - Summon Lightning Spi  Summ/Air       62%        N/A       1%          4
i - Tukima's Dance        Hex            65%        N/A       1%          3
j - Yara's Violent Unrav  Hex/Tmut       32%        3d13      1%          5
k - Blink                 Tloc           100%       N/A       1%          2
l - Statue Form           Tmut/Erth      43%        N/A       9%          6

Your spell library contained the following spells:

 Spells                   Type           Power      Damage    Failure   Level
 Slow                     Hex            100%       N/A       1%          1
 Confusing Touch          Hex            65%        N/A       1%          3
 Conjure Flame            Conj/Fire      69%        6-21      1%          3
 Dazzling Flash           Conj/Hex       100%       N/A       1%          3
 Ignite Poison            Fire/Tmut/Pois 65%        N/A       1%          3
 Vampiric Draining        Necr           59%        2d10      1%          3
 Airstrike                Air            32%        N/A       1%          4
 Animate Dead             Necr           29%        N/A       1%          4
 Ice Form                 Ice/Tmut       65%        N/A       1%          4
 Passage of Golubria      Tloc           65%        N/A       1%          4
 Petrify                  Tmut/Erth      65%        N/A       1%          4
 Summon Ice Beast         Ice/Summ       62%        N/A       1%          4
 Lightning Bolt           Conj/Air       34%        1d52      1%          5
 Manifold Assault         Tloc           65%        N/A       1%          5
 Borgnjor's Vile Clutch   Necr/Erth      31%        N/A       2%          5
 Death Channel            Necr           29%        N/A       21%         6
 Storm Form               Tmut/Air       32%        N/A       43%         7


Dungeon Overview and Level Annotations

Branches:
Dungeon (12/15)            Temple (1/1) D:4            Lair (6/6) D:10
 Shoals (0/4) Lair:3        Snake (0/4) Lair:2        Slime (0/5) Lair:5
    Orc (2/2) D:9             Elf (0/3) Orc:2         Sewer (visited)

Altars:
Ashenzari
Cheibriados
Dithmenos
Elyvilon
Fedhas
Gozag
Hepliaklqana
Kikubaaqudgha
Makhleb
Nemelex Xobeh
Okawaru
Qazlal
Ru
Sif Muna
Trog
Uskayaw
Vehumet
Wu Jian
Xom
Yredelemnul
Zin
The Shining One
Beogh
Jiyva

Shops:
Orc:1 ([   Orc:2 [(?!

Annotations:
D:4 Pikel
Orc:2 Saint Roka


Innate Abilities, Weirdness & Mutations

You have very sharp teeth.
Your uncanny sense of smell can sniff out nearby items.
Your experience applies equally to all skills.


Message History

You open the door.
An ettin comes into view. It is wielding two +0 dire flails.
Found four items.
There is an open door here.
Casting: Metabolic Englaciation (mildly dangerous; 1% risk of failure)
Confirm with . or Enter, or press ? or * to list all spells.
Casting: Frozen Ramparts (safe; 1% risk of failure)
Press: ? - help, Dir - look around, f - activate An open door.
The walls around you are covered in ice.
The ettin shouts in stereo!
The phantasmal warrior resists.
The wall freezes the phantasmal warrior.
The phantasmal warrior gestures at you.
The phantasmal warrior blinks!
You slash the ettin! You drain the ettin.
The ettin is lightly wounded.
The wall freezes the ettin!
The ettin closely misses you.
The ettin hits you with a +0 dire flail!!
The phantasmal warrior resists.
The wall freezes the phantasmal warrior.
The phantasmal warrior gestures at you.
The phantasmal warrior blinks!
You slash the ettin!
The ettin suddenly seems more agile.
The ettin is heavily wounded.
The wall freezes the ettin!
The ettin hits you with a +0 dire flail!
The ettin hits you with a +0 dire flail!!
The phantasmal warrior resists.
The wall freezes the phantasmal warrior.
The phantasmal warrior hits you!!
You slice the ettin!! Lightning courses through the ettin!
The ettin is almost dead.
The wall freezes the ettin.
The ettin completely misses you.
The ettin hits you with a +0 dire flail!!!
* * * LOW HITPOINT WARNING * * *
The phantasmal warrior resists.
The wall freezes the phantasmal warrior.
The phantasmal warrior hits you!!
You die...

###########
##........##
##........##
##......W.##
##...####@##
##÷).#..C.##
###...#...§##
####)..#)[###
##.'...#)= ⌠*
###.#######*
###..###
######.###
#####..###


You could see an ettin (agile, drained) and a phantasmal warrior.

Vanquished Creatures
  Josephine (Orc:1)
  3 boulder beetles
  6 hydras
  Harold (D:7)
  A two-headed ogre (D:8)
  9 death yaks
  Urug (Lair:2)
  An orc high priest (Orc:2)
  2 skeletal warriors (D:12)
  A lindwurm (Lair:6)
  2 orc knights (Orc:2)
  An ugly thing (D:12)
  2 deep elf pyromancers (D:12)
  An orc sorcerer (Orc:2)
  2 manticores
  4 cyclopes
  3 black mambas
  2 gargoyles
  14 elephants
  3 torpor snails
  11 cane toads
  2 unseen horrors
  Maggie (D:9)
  5 komodo dragons
  A kobold demonologist (D:12)
  7 polar bears (Lair:6)
  6 trolls
  10 blink frogs
  18 dream sheep
  3 raiju (Lair:6)
  A slime creature (D:6)
  A shadow (D:11)
  5 wraiths
  3 wyverns
  48 yaks
  9 wargs
  3 steam dragons
  A basilisk (Lair:5)
  3 nagas (Lair:2)
  2 acid dragons (D:11)
  16 water moccasins
  11 hell hounds (Lair:6)
  Pargi (Sewer)
  An ice beast (D:8)
  28 orc warriors
  3 sky beasts
  19 black bears
  4 ogres
  29 wolves
  6 centaurs
  2 kobold brigands
  3 lemures (D:3)
  A gnoll sergeant (D:9)
  6 bullfrogs
  2 necrophages (D:5)
  4 scorpions
  9 wights
  3 killer bees (D:9)
  4 howler monkeys
  2 electric eels
  A lava snake (D:9)
  3 hounds (D:5)
  7 jellies
  20 orc priests
  4 iguanas
  20 orc wizards
  13 adders
  13 gnolls
  A shadow imp (D:7)
  An ufetubus (D:5)
  A worm (shapeshifter) (D:12)
  2 worms
  5 dart slugs
  62 orcs
  13 ball pythons
  26 endoplasms
  3 giant cockroaches
  7 goblins
  7 hobgoblins
  16 kobolds
  6 quokkas
  5 bats
  4 frilled lizards
  6 rats
  A fulminant prism (D:11)
601 creatures vanquished.

Vanquished Creatures (collateral kills)
  A hydra (D:12)
  A centaur warrior (D:12)
  A two-headed ogre (D:11)
  An orc high priest (Orc:2)
  2 skeletal warriors (D:12)
  An ugly thing (D:12)
  A yaktaur (D:12)
  A troll (Orc:1)
  2 polar bears (Lair:6)
  A warg (Orc:2)
  A hell hound (Lair:6)
  6 orc warriors
  3 wolves (Lair:6)
  3 orc priests (Orc:2)
  2 orc wizards (Orc:2)
  14 orcs
41 creatures vanquished.

Vanquished Creatures (others)
  5 bushes (Lair:6)
  84 fulminant prisms
  61 fungi
  93 plants
243 creatures vanquished.

Grand Total: 885 creatures vanquished

Notes
Turn   | Place    | Note
-------+----------+-------------------------------------------
     0 | D:1      | fragbeetle the Gnoll Conjurer began the quest for the Orb.
     0 | D:1      | Reached XP level 1. HP: 13/13 MP: 6/6
   222 | D:1      | Reached XP level 2. HP: 19/19 MP: 5/7
   359 | D:1      | Learned a level 2 spell: Searing Ray
   621 | D:1      | Reached XP level 3. HP: 25/25 MP: 7/9
   692 | D:1      | Reached skill level 5 in Spellcasting
   735 | D:1      | Found a faded altar of an unknown god.
   790 | D:1      | Reached skill level 1 in Invocations
  1329 | D:2      | Identified the +1 chain mail "Ittuoj" {rElec}
  1357 | D:2      | Reached skill level 1 in Fighting
  1357 | D:2      | Reached skill level 1 in Short Blades
  1357 | D:2      | Reached skill level 1 in Long Blades
  1357 | D:2      | Reached skill level 1 in Axes
  1357 | D:2      | Reached skill level 1 in Maces & Flails
  1357 | D:2      | Reached skill level 1 in Polearms
  1357 | D:2      | Reached skill level 1 in Staves
  1357 | D:2      | Reached skill level 1 in Slings
  1357 | D:2      | Reached skill level 1 in Bows
  1357 | D:2      | Reached skill level 1 in Crossbows
  1357 | D:2      | Reached skill level 1 in Throwing
  1357 | D:2      | Reached skill level 1 in Armour
  1357 | D:2      | Reached skill level 1 in Shields
  1357 | D:2      | Reached skill level 1 in Unarmed Combat
  1357 | D:2      | Reached skill level 1 in Evocations
  1455 | D:2      | Reached XP level 4. HP: 32/32 MP: 7/11
  1625 | D:2      | Reached skill level 1 in Hexes
  1625 | D:2      | Reached skill level 1 in Summonings
  1625 | D:2      | Reached skill level 1 in Necromancy
  1625 | D:2      | Reached skill level 1 in Translocations
  1625 | D:2      | Reached skill level 1 in Transmutations
  1625 | D:2      | Reached skill level 1 in Fire Magic
  1625 | D:2      | Reached skill level 1 in Ice Magic
  1625 | D:2      | Reached skill level 1 in Air Magic
  1625 | D:2      | Reached skill level 1 in Earth Magic
  1625 | D:2      | Reached skill level 1 in Poison Magic
  1822 | D:2      | Found an opulent altar of Gozag.
  1955 | D:2      | Reached XP level 5. HP: 37/37 MP: 8/12
  2025 | D:2      | Learned a level 4 spell: Fulminant Prism
  2373 | D:3      | Found a glowing drain.
  2426 | Sewer    | Entered a sewer
  2573 | Sewer    | Noticed Pargi
  2581 | Sewer    | Killed Pargi
  2582 | Sewer    | Reached skill level 5 in Dodging
  2582 | Sewer    | Reached XP level 6. HP: 27/44 MP: 13/14
  3329 | D:4      | Noticed Pikel
  3536 | D:4      | Reached XP level 7. HP: 40/50 MP: 14/15
  3753 | D:4      | Found a staircase to the Ecumenical Temple.
  3761 | Temple   | Entered the Ecumenical Temple
  3889 | Temple   | Became a worshipper of Ashenzari the Shackled
  4140 | D:5      | Entered Level 5 of the Dungeon
  4507 | D:5      | Reached skill level 5 in Stealth
  4594 | D:5      | Reached XP level 8. HP: 56/57 MP: 16/16
  5334 | D:6      | Found a shimmering blue altar of Sif Muna.
  5487 | D:6      | Reached * piety under Ashenzari
  5490 | D:6      | Reached skill level 5 in Fighting
  5490 | D:6      | Reached skill level 5 in Short Blades
  5490 | D:6      | Reached skill level 5 in Long Blades
  5490 | D:6      | Reached skill level 5 in Axes
  5490 | D:6      | Reached skill level 5 in Maces & Flails
  5490 | D:6      | Reached skill level 5 in Polearms
  5490 | D:6      | Reached skill level 5 in Staves
  5490 | D:6      | Reached skill level 5 in Slings
  5490 | D:6      | Reached skill level 5 in Bows
  5490 | D:6      | Reached skill level 5 in Crossbows
  5490 | D:6      | Reached skill level 5 in Throwing
  5490 | D:6      | Reached skill level 5 in Armour
  5490 | D:6      | Reached skill level 5 in Shields
  5490 | D:6      | Reached skill level 5 in Unarmed Combat
  5490 | D:6      | Reached skill level 5 in Evocations
  5490 | D:6      | Reached XP level 9. HP: 68/68 MP: 20/20
  5496 | D:6      | Learned a level 4 spell: Sticky Flame
  5501 | D:6      | Learned a level 4 spell: Iskenderun's Mystic Blast
  6374 | D:7      | Reached XP level 10. HP: 74/75 MP: 21/21
  6552 | D:7      | Learned a level 3 spell: Frozen Ramparts
  6649 | D:7      | Reached ** piety under Ashenzari
  6737 | D:7      | Noticed Harold
  6747 | D:7      | Killed Harold
  7045 | D:8      | Identified the +7 great sword of Abuse {vorpal, *Rage rElec
                  | rC- Str+9 SInv}
  7064 | D:8      | Reached skill level 5 in Hexes
  7064 | D:8      | Reached skill level 5 in Summonings
  7064 | D:8      | Reached skill level 5 in Necromancy
  7064 | D:8      | Reached skill level 5 in Translocations
  7064 | D:8      | Reached skill level 5 in Transmutations
  7064 | D:8      | Reached skill level 5 in Fire Magic
  7064 | D:8      | Reached skill level 5 in Ice Magic
  7064 | D:8      | Reached skill level 5 in Air Magic
  7064 | D:8      | Reached skill level 5 in Earth Magic
  7064 | D:8      | Reached skill level 5 in Poison Magic
  7654 | D:8      | Noticed a two-headed ogre
  7663 | D:8      | Killed a two-headed ogre
  8562 | D:9      | Noticed Maggie
  8722 | D:9      | Killed Maggie
  8723 | D:9      | Reached XP level 11. HP: 44/84 MP: 18/24
  8916 | D:9      | Found a staircase to the Orcish Mines.
  9614 | D:9      | Learned a level 4 spell: Summon Ice Beast
 10085 | D:9      | Identified a scroll of acquirement
 10112 | D:9      | Acquired the ring "User" {*Corrode rF+ Str+2 Int+4 Stlth+}
 10179 | D:10     | Entered Level 10 of the Dungeon
 10382 | D:10     | Found a staircase to the Lair.
 10520 | D:10     | Identified the +0 ring mail "Saokh" {rF+++ Int-3 Dex+4}
 11198 | D:11     | Noticed a cyclops
 11198 | D:11     | Noticed a cyclops
 11206 | D:11     | Killed a cyclops
 11214 | D:12     | Noticed a white ugly thing
 11481 | D:11     | Killed a cyclops
 11515 | D:11     | Acquired the +0 mask of the Dragon {Will+ Slay+3 SInv}
 11515 | D:11     | Found the +0 mask of the Dragon {Will+ Slay+3 SInv}
 11939 | D:11     | Noticed a manticore
 11950 | D:11     | Killed a manticore
 12065 | D:11     | Learned a level 4 spell: Summon Lightning Spire
 12095 | D:11     | Reached XP level 12. HP: 83/94 MP: 26/26
 12197 | D:11     | Noticed a two-headed ogre
 12214 | D:11     | Killed a two-headed ogre
 12845 | D:12     | Noticed a five-headed hydra
 12881 | Lair:1   | Entered Level 1 of the Lair of Beasts
 13110 | Lair:1   | Upgraded the game from 0.29-a0-231-g945431f764 to
                  | 0.29-a0-233-g1125b37a9b
 13277 | Lair:1   | Reached *** piety under Ashenzari
 13487 | Lair:1   | Found an opulent altar of Gozag.
 14179 | Lair:2   | Found a staircase to the Snake Pit.
 15181 | Lair:2   | Reached XP level 13. HP: 102/104 MP: 29/29
 15577 | Lair:2   | Noticed Urug
 15594 | Lair:2   | Killed Urug
 16411 | Lair:3   | Reached skill level 10 in Conjurations
 16826 | Lair:3   | Found a staircase to the Shoals.
 17581 | Lair:4   | Reached skill level 10 in Spellcasting
 17781 | Lair:4   | Learned a level 3 spell: Tukima's Dance
 17787 | Lair:4   | Learned a level 5 spell: Yara's Violent Unravelling
 17979 | Lair:4   | Found a shimmering blue altar of Sif Muna.
 18249 | Lair:5   | Learned a level 2 spell: Blink
 19061 | Lair:5   | Reached skill level 10 in Dodging
 19192 | Lair:5   | Found a viscous altar of Jiyva.
 19192 | Lair:5   | Found a staircase to the Slime Pits.
 19216 | Lair:6   | Entered Level 6 of the Lair of Beasts
 19720 | Lair:5   | Reached XP level 14. HP: 103/113 MP: 30/30
 19975 | Lair:6   | Reached skill level 10 in Stealth
 20315 | Lair:6   | Reached skill level 10 in Invocations
 20634 | Lair:6   | Identified the +2 whip of Efogh {antimagic, rPois rF+}
 21680 | Lair:5   | Learned a level 5 spell: Metabolic Englaciation
 21973 | Lair:6   | Upgraded the game from 0.29-a0-233-g1125b37a9b to
                  | 0.29-a0-234-g0dae59b3db
 22113 | Lair:1   | Acquired 431 gold pieces
 22197 | Orc:1    | Entered Level 1 of the Orcish Mines
 22200 | Orc:1    | Found Poots's Weapon Emporium.
 22246 | Orc:1    | Found Fiocotea's Antique Armour Shoppe.
 22377 | Orc:1    | Bought a buckler for 144 gold pieces
 22395 | Orc:1    | Reached **** piety under Ashenzari
 22854 | Orc:1    | Noticed Josephine
 22953 | Orc:1    | Killed Josephine
 23171 | Orc:2    | Entered Level 2 of the Orcish Mines
 23206 | Orc:2    | Reached XP level 15. HP: 90/125 MP: 33/33
 23423 | Orc:2    | Found a staircase to the Elven Halls.
 23530 | Orc:2    | Found Heabeukh's Distillery.
 23536 | Orc:2    | Bought a potion of attraction for 45 gold pieces
 23635 | Orc:2    | Found Mah Jyd's Magic Scroll Shoppe.
 23672 | Orc:2    | Bought a scroll of enchant weapon for 120 gold pieces
 23924 | Orc:2    | Reached skill level 10 in Fighting
 23924 | Orc:2    | Reached skill level 10 in Short Blades
 23924 | Orc:2    | Reached skill level 10 in Long Blades
 23924 | Orc:2    | Reached skill level 10 in Axes
 23924 | Orc:2    | Reached skill level 10 in Maces & Flails
 23924 | Orc:2    | Reached skill level 10 in Polearms
 23924 | Orc:2    | Reached skill level 10 in Staves
 23924 | Orc:2    | Reached skill level 10 in Slings
 23924 | Orc:2    | Reached skill level 10 in Bows
 23924 | Orc:2    | Reached skill level 10 in Crossbows
 23924 | Orc:2    | Reached skill level 10 in Throwing
 23924 | Orc:2    | Reached skill level 10 in Armour
 23924 | Orc:2    | Reached skill level 10 in Shields
 23924 | Orc:2    | Reached skill level 10 in Unarmed Combat
 23924 | Orc:2    | Reached skill level 10 in Evocations
 24092 | Orc:2    | Noticed Saint Roka
 24729 | Orc:2    | Found Maimoim's Antique Weapon Shoppe.
 24737 | Orc:2    | Found Pefeaga's Antique Armour Emporium.
 24874 | D:12     | HP: 5/125 [troll (11)]
 25159 | D:12     | Learned a level 6 spell: Statue Form
 25651 | D:12     | Identified the cursed +2 pair of boots of Ashenzari's
                  | Negligence {Fort, Alch} (You found it on level 2 of the
                  | Dungeon)
 26044 | D:12     | Demolished by a phantasmal warrior

Illustrated notes

Levels and vault maps discovered:
D:1:      psy_arrival_basics, layout_basic, dilly_ecumenical_altar_fadedgnrine,
          nicolae_grassy_gnolls
D:2:      layout_basic, basic_altar
D:3:      layout_loops_ring, portal_sewer_entry_b
D:4:      layout_cave_pools, minmay_temple_entry_wispy, uniq_pikel
D:5:      layout_loops_ring, nrook_mini_backslash, minmay_diced_spiral
D:6:      lemuel_slime, layout_loops_ring, nicolae_sif_muna_condensation
D:7:      layout_rooms, uniq_harold
D:8:      layout_basic
D:9:      minmay_the_grid_square_5x5_3x3 [minmay_the_grid_square_5x5_minimal,
          minmay_the_grid_square_5x5_z, minmay_the_grid_square_5x5_two_walls_a,
          minmay_the_grid_square_5x5_broken_cross,
          minmay_the_grid_square_5x5_megaprize_hollow,
          minmay_the_grid_square_5x5_n,
          minmay_the_grid_square_5x5_almost_minimal,
          minmay_the_grid_square_5x5_one_wall,
          minmay_the_grid_square_5x5_trominoes], layout_irregular_city,
          kennysheep_another_room, uniq_maggie
D:10:     layout_rooms, due_lair_maze_entry_diamond
D:11:     layout_loops_corners
D:12:     minmay_shrinking_squares, layout_cave_pools
Temple:   minmay_crystal_snake_temple
Lair:1:   layout_cave_pods, basic_altar, lemuel_fruit_tree,
          serial_bayou_shore_b, serial_bayou_shore_b
Lair:2:   layout_gridlike, minmay_snake_entry_guardpost_small, serial_rivers,
          chequers_serial_rivers_micro_b, chequers_serial_rivers_micro_b,
          chequers_serial_rivers_micro_b, chequers_serial_rivers_small_a,
          chequers_serial_rivers_room_b, chequers_serial_rivers_large_a,
          uniq_urug
Lair:3:   layout_chaotic_city, shoals_dummy_entry, minivault_26, minivault_11,
          lemuel_fruit_fields
Lair:4:   layout_gridlike, lemuel_centaur_altar
Lair:5:   layout_hall_layers, dpeg_slime_entry_enclosed_altar,
          grunt_megastairs_1
Lair:6:   hangedman_lair_in_review, layout_cellular_growth,
          hangedman_lair_caniforms_friends, small_statue_intersection
Orc:1:    layout_caves, serial_shops, nicolae_shop_statue_plus,
          nicolae_shop_overgrown_old_shop, nicolae_orc_tapped_out,
          uniq_josephine
Orc:2:    grunt_orc_community_town_hall, layout_diamond_mine,
          grunt_orc_community_big_house_1, grunt_orc_community_big_house_2,
          grunt_orc_community_house_2, grunt_orc_community_house_2,
          grunt_orc_community_house_2, grunt_orc_community_house_1,
          grunt_orc_community_house_1, grunt_orc_community_house_3

Skill      XL: |  1  2  3  4  5  6  7  8  9 10 11 12 13 14 15 |
---------------+----------------------------------------------+-----
Spellcasting   | 5 7 8 9 10 11 | 11.3
Invocations    | 1 2 3 6 7 8 9 10 11 | 11.0
Fighting       | 1 2 5 6 7 8 9 10 | 10.1
Short Blades   | 1 2 5 6 7 8 9 10 | 10.1
Long Blades    | 1 2 5 6 7 8 9 10 | 10.1
Axes           | 1 2 5 6 7 8 9 10 | 10.1
Maces & Flails | 1 2 5 6 7 8 9 10 | 10.1
Polearms       | 1 2 5 6 7 8 9 10 | 10.1
Staves         | 1 2 5 6 7 8 9 10 | 10.1
Slings         | 1 2 5 6 7 8 9 10 | 10.1
Bows           | 1 2 5 6 7 8 9 10 | 10.1
Crossbows      | 1 2 5 6 7 8 9 10 | 10.1
Throwing       | 1 2 5 6 7 8 9 10 | 10.1
Armour         | 1 2 5 6 7 8 9 10 | 10.1
Shields        | 1 2 5 6 7 8 9 10 | 10.1
Unarmed Combat | 1 2 5 6 7 8 9 10 | 10.1
Evocations     | 1 2 5 6 7 8 9 10 | 10.1
Hexes          | 1 2 4 5 6 7 8 |  8.5
Summonings     | 1 2 4 5 6 7 8 |  8.5
Necromancy     | 1 2 4 5 6 7 8 |  8.5
Translocations | 1 2 4 5 6 7 8 |  8.5
Transmutations | 1 2 4 5 6 7 8 |  8.5
Fire Magic     | 1 2 4 5 6 7 8 |  8.5
Ice Magic      | 1 2 4 5 6 7 8 |  8.5
Air Magic      | 1 2 4 5 6 7 8 |  8.5
Earth Magic    | 1 2 4 5 6 7 8 |  8.5
Poison Magic   | 1 2 4 5 6 7 8 |  8.5
Dodging        | 5 7 8 9 10 11 | 11.1
Stealth        | 5 7 8 9 10 11 | 11.0
Conjurations   | 8 9 10 11 | 11.1

Action                   |  1- 3 |  4- 6 |  7- 9 | 10-12 | 13-15 || total
-------------------------+-------+-------+-------+-------+-------++-------
Melee: Unarmed           |       |    11 |       |       |       ||    11
       Dagger            |       |    42 |     9 |       |       ||    51
       Bite              |       |     3 |       |    50 |   101 ||   154
       Punch             |       |     1 |       |    32 |    35 ||    68
       Spear             |       |       |       |   406 |   212 ||   618
       Long sword        |       |       |       |    18 |       ||    18
       Double sword      |       |       |       |       |   501 ||   501
 Fire: Hand crossbow     |       |    25 |    24 |       |       ||    49
       Shortbow          |       |       |       |       |     3 ||     3
Throw: Dart              |       |       |       |       |     3 ||     3
       Javelin           |       |       |       |       |     2 ||     2
 Cast: Magic Dart        |    57 |    40 |    10 |    40 |    18 ||   165
       Searing Ray       |     3 |    21 |    40 |    64 |       ||   128
       Fulminant Prism   |       |       |       |    51 |    34 ||    85
       Frozen Ramparts   |       |       |       |    11 |    72 ||    83
       Summon Ice Beast  |       |       |       |     3 |     2 ||     5
       Summon Lightning  |       |       |       |       |    33 ||    33
       Metabolic Englaci |       |       |       |       |     6 ||     6
       Sticky Flame      |       |       |       |       |     1 ||     1
       Statue Form       |       |       |       |       |     1 ||     1
Invok: Curse Item        |       |       |     2 |     5 |     1 ||     8
       Shatter the Chain |       |       |       |     2 |       ||     2
Evoke: Wand              |       |       |       |     1 |     3 ||     4
  Use: Potion            |       |       |     1 |     1 |     5 ||     7
       Scroll            |       |       |       |     4 |    12 ||    16
 Stab: Sleeping          |       |       |       |     6 |     6 ||    12
       Distracted        |       |       |       |     1 |     5 ||     6
       Paralysed         |       |       |       |       |     1 ||     1
Armor: Leather armour    |       |    12 |       |       |       ||    12
       Ring mail         |       |    18 |    28 |    31 |       ||    77
       Steam dragon scal |       |       |       |    57 |       ||    57
       Acid dragon scale |       |       |       |    34 |   220 ||   254
       Skin              |       |       |       |       |     1 ||     1
Dodge: Dodged            |       |    45 |    27 |   246 |   357 ||   675
Block: Buckler           |       |       |       |       |    51 ||    51

Table legend: (Time is in decaauts)
 A = Elapsed time spent in this place.
 B = Non-inter-level travel time spent in this place.
 C = Inter-level travel time spent in this place.
 D = Time resting spent in this place.
 E = Time spent auto-exploring this place.
 F = Levels seen in this place.
 G = Mean time per level.
                   A        B        C        D        E       F      G
               +--------+--------+--------+--------+--------+-----+--------+
         Total |  25843 |  24983 |    860 |   5332 |  12978 |  22 | 1174.7 |
       Dungeon |  13616 |  13140 |    476 |   2108 |   8371 |  12 | 1134.7 |
        Temple |    233 |    208 |     25 |      0 |    167 |   1 |  233.0 |
          Lair |   9097 |   8788 |    309 |   2277 |   3871 |   6 | 1516.2 |
  Orcish Mines |   2549 |   2500 |     49 |    756 |    561 |   2 | 1274.5 |
         Sewer |    346 |    346 |      0 |    191 |      7 |   1 |  346.0 |
               +--------+--------+--------+--------+--------+-----+--------+

Top non-repeatable levels by time:
  Lair:6: 1937 daAuts
  Lair:5: 1876 daAuts
  Lair:2: 1740 daAuts
   Orc:2: 1566 daAuts
     D:9: 1534 daAuts
    D:11: 1521 daAuts
     D:8: 1500 daAuts
  Lair:3: 1323 daAuts
     D:1: 1319 daAuts
  Lair:1: 1299 daAuts
    D:12: 1216 daAuts
    D:10: 1207 daAuts
     D:3: 1116 daAuts
     D:5: 1073 daAuts
     D:7: 1054 daAuts
